 Dungeon Crawl Stone Soup version 0.23.2 (webtiles) character file.

Game seed: 6077455842810411728

118 ElTigreChino the Sneak (level 4, -1/21 HPs)
             Began as a Spriggan Enchanter on Apr 11, 2019.
             Slain by a worm (12 damage)
             ... on level 3 of the Dungeon.
             The game lasted 00:18:14 (4076 turns).

ElTigreChino the Sneak (Spriggan Enchanter)         Turns: 4076, Time: 00:18:14

Health: -1/21      AC:  2    Str:  4    XL:     4   Next: 72%
Magic:  9/10       EV: 19    Int: 16    God:
Gold:   131        SH:  0    Dex: 17    Spells: 9/10 levels left

rFire    . . .     SeeInvis +   a - +1 dagger
rCold    . . .     Gourm    .   (shield restricted)
rNeg     . . .     Faith    .   b - +0 robe
rPois    .         Spirit   .   (helmet restricted)
rElec    .         Reflect  .   (no cloak)
rCorr    .         Harm     .   (gloves unavailable)
MR       .....                  (boots unavailable)
Stlth    +++.......             (no amulet)
HPRegen  0.07/turn              (no ring)
MPRegen  0.12/turn              (no ring)

@: very quick
A: very small, unfitting armour, see invisible, herbivore, speed 3, slow
metabolism 2
a: no special abilities


You were on level 3 of the Dungeon.
You were very hungry.

You visited 1 branch of the dungeon, and saw 3 of its levels.

You collected 131 gold pieces.

Inventory:

Hand Weapons
 a - a +1 dagger (weapon)
Armour
 b - a +0 robe (worn)
Jewellery
 p - an uncursed ring of magical power {unknown}
Scrolls
 e - a scroll of noise {unknown}
 f - 2 scrolls of teleportation {unknown}
 g - 4 scrolls of identify {unknown}
 i - a scroll of amnesia {unknown}
 m - 2 scrolls of enchant weapon {unknown}
 n - 2 scrolls of blinking {unknown}
 o - a scroll of enchant armour {unknown}
 q - 3 scrolls of fog {unknown}
Potions
 c - a potion of degeneration {unknown}
 h - 2 potions of curing
 j - a potion of haste {unknown}
 k - a potion of magic {unknown}
 l - a potion of brilliance {unknown}
 r - a potion of heal wounds {unknown}
Comestibles
 d - 6 rations


   Skills:
 + Level 2.3 Short Blades
 + Level 4.2 Dodging
 + Level 5.5 Stealth
 + Level 3.6 Spellcasting
 + Level 4.3 Hexes


You had 9 spell levels left.
You knew the following spells:

 Your Spells              Type           Power        Failure   Level  Hunger
a - Corona                Hex            ###....      3%          1    None

Your spell library contained the following spells:

 Spells                   Type           Power        Failure   Level  Hunger
 Confuse                  Hex            ###.....     9%          3    ###....
 Tukima's Dance           Hex            ###.....     9%          3    ###....
 Ensorcelled Hibernation  Hex/Ice        #.....       11%         2    ##.....
 Dazzling Spray           Conj/Hex       #.....       22%         3    ###....


Dungeon Overview and Level Annotations

Branches:
Dungeon (3/15)

Altars:
Ru


Innate Abilities, Weirdness & Mutations

You are very small and have problems with some larger weapons.
You are too small for most types of armour.
You have supernaturally acute eyesight. (SInv)
You are a herbivore.
You cover ground extremely quickly.
You need to consume almost no food.


Message History

You hit the worm.
The worm is severely wounded.
You hit the worm but do no damage.
The worm is severely wounded.
The worm completely misses you.
You hit the worm but do no damage.
The worm is severely wounded.
You hit the worm.
The worm is severely wounded.
The worm closely misses you.
You hit the worm but do no damage.
The worm is severely wounded.
The worm misses you.
You hit the worm.
The worm is severely wounded.
You hit the worm.
The worm is severely wounded.
The worm bites you!
Ouch! That really hurt!
You die...

#.#####.....### #..#
....# #.#
##...)...####.####.#.#
#.#
#...####...o.....#.#.#
## #.####.).#
##.....##.o.#.###.
#.....(.##
#.########.......
#####..w#.## #.#
#.).....
#........<#### #.#
#o#.#...
#.####.......####.#
#.#.....
#.........w@.#
#...#...
#........#####
#...#.## #.......##
#####..#..## #.......#
###..........#
#.......#
#......###.#.#
#.......#
######........
#......[# ##.##..#.#
###.##### #..##.##o#
#.# #.#...##..


You could see a worm.

Vanquished Creatures
  A worker ant (D:3)
  A gnoll (D:1)
  An adder (D:2)
  An ooze (D:1)
  2 dart slugs
  2 leopard geckos (D:1)
  6 orcs (D:3)
  6 bats
  2 giant cockroaches
  6 goblins
  7 hobgoblins
  5 jackals
  2 ball pythons
  3 frilled lizards
  2 kobolds (D:1)
  10 rats
57 creatures vanquished.

Notes
Turn   | Place    | Note
-------+----------+-------------------------------------------
     0 | D:1      | ElTigreChino the Spriggan Enchanter began the quest for the
                  | Orb.
     0 | D:1      | Reached XP level 1. HP: 9/9 MP: 5/5
   181 | D:1      | Reached XP level 2. HP: 13/13 MP: 6/6
   882 | D:1      | Reached XP level 3. HP: 13/16 MP: 8/8
  1815 | D:2      | Noticed an ogre
  1827 | D:2      | Reached skill level 5 in Stealth
  2069 | D:2      | Found a faded altar of an unknown god.
  2293 | D:2      | Reached XP level 4. HP: 2/21 MP: 10/10
  2803 | D:3      | Found a sacrificial altar of Ru.
  4076 | D:3      | Slain by a worm

Skill      XL: |  1  2  3  4 |
---------------+-------------+-----
Spellcasting   | 3 |  3.6
Hexes          | 4 |  4.3
Short Blades   | 2 |  2.3
Stealth        | 5 |  5.5
Dodging        | 4 |  4.2

Action                   |  1- 3 |  4- 6 || total
-------------------------+-------+-------++-------
Melee: Dagger            |   201 |   122 ||   323
 Cast: Corona            |    23 |    23 ||    46
  Use: Potion            |       |     1 ||     1
 Stab: Sleeping          |    11 |     5 ||    16
Armor: Robe              |    19 |     4 ||    23
Dodge: Dodged            |   170 |    67 ||   237
